 Dungeon Crawl Stone Soup version 0.28-a0-1568-g77cbbf62ba (webtiles) character file.

Game seed: 3903707887811872900

587167 Ijustatesigmund the Warmonger (level 26, -9/240 (248) HPs)
             Began as a Hill Orc Fighter on Jan 18, 2022.
             Was a High Priest of Okawaru.
             Mangled by an Orb Guardian (21 damage)
             ... while paralysed by a dread lich
             ... on level 5 of the Realm of Zot on Jan 20, 2022.
             The game lasted 03:31:44 (74112 turns).

Ijustatesigmund the Warmonger (Hill Orc Fighter)   Turns: 74112, Time: 03:31:45

HP:   -9/240 (248)  AC: 31    Str: 31 (32) XL:     26   Next: 87%
MP:   34/40         EV: -1    Int:  5      God:    Okawaru [*****.]
Gold: 2355          SH:  0    Dex: 12      Spells: 46/52 levels left

rFire   + + +      SeeInvis +   i - +7 broad axe (vamp)
rCold   . . .      Faith    .   c - +1 tower shield {rC+}
rNeg    . . .      Spirit   .   b - +5 chain mail "Usaemn" {rElec rPois Slay+5 Stlth+}
rPois   +          Reflect  .   U - +0 helmet of Disaster {rF+ rC- Slay+6 Stlth+}
rElec   +          Harm     .   g - +2 cloak
rCorr   +          Rampage  ∞   o - +0 pair of gloves "Dogac" {Str+2}
Will    .....      Rnd*Tele +   r - +3 pair of seven-league boots {Rampage+∞}
Stlth   +++++.....              V - amulet of regeneration
HPRegen 1.30/turn               e - ring of Gin and Tonic {rPois Slay+5}
MPRegen 0.27/turn               R - ring of Xepsuin {rF+++ Will- rCorr Str+3 Int-5}

@: paralysed, heroic, finesse-ful, constricted, studying Short Blades, lightly
drained
A: iridescent scales 1, see invisible, deformed body, teleportitis 1, wild magic
1
}: 4/15 runes: barnacled, slimy, silver, gossamer
a: Renounce Religion, Heroism, Finesse, Duel


You were on level 5 of the Realm of Zot.
You worshipped Okawaru.
Okawaru was extremely pleased with you.
You visited 11 branches of the dungeon, and saw 54 of its levels.
You visited the Abyss 4 times.
You also visited: Gauntlet and Ice Cave.

You collected 8843 gold pieces.
You spent 6488 gold pieces at shops.

Inventory:

Hand Weapons
 i - a +7 vampiric broad axe (weapon)
 W - a +9 broad axe of flaming
Missiles
 d - 15 silver javelins (quivered)
 y - 11 throwing nets
Armour
 b - the +5 chain mail "Usaemn" (worn) {rElec rPois Slay+5 Stlth+}
   (You took it off a vault guard on level 5 of the Vaults)

   Slay:      It affects your accuracy & damage with ranged weapons and melee
   (+5).
   rElec:     It insulates you from electricity.
   rPois:     It protects you from poison.
   Stlth:     It makes you more stealthy.
 c - a +1 tower shield of cold resistance (worn)
 g - a +2 cloak (worn)
 j - the +3 warlock's mirror {reflect}
   (You found it on level 5 of the Vaults)

   It can block and reflect piercing ranged attacks and magical attacks against
   the wielder's willpower.
 o - the +0 pair of gloves "Dogac" (worn) {Str+2}
   (Okawaru gifted it to you on level 11 of the Dungeon)

   Str:       It affects your strength (+2).
 r - the +3 pair of seven-league boots (worn) {Rampage+∞}
   (You found it on level 4 of the Depths)

   Its wearer moves as far as possible in that direction when moving towards
   enemies.
 E - the +3 crown of Dyrovepreva {rElec Int+2 SInv}
   (You found it on level 5 of the Pits of Slime)

   Int:       It affects your intelligence (+2).
   rElec:     It insulates you from electricity.
   SInv:      It lets you see invisible.
 F - the +18 shield of the Gong {rElec rN+ Will+ EV-5}
   (You took it off an orc on level 5 of the Vaults)

   It is deafeningly noisy when blocking attacks.
   EV:        It affects your evasion (-5).
   rElec:     It insulates you from electricity.
   rN:        It protects you from negative energy.
   Will:      It increases your willpower.
 U - the +0 helmet of Disaster (worn) {rF+ rC- Slay+6 Stlth+}
   (Okawaru gifted it to you on level 2 of the Orcish Mines)

   Slay:      It affects your accuracy & damage with ranged weapons and melee
   (+6).
   rF:        It protects you from fire.
   rC:        It makes you vulnerable to cold.
   Stlth:     It makes you more stealthy.
Jewellery
 e - the ring of Gin and Tonic (left hand) {rPois Slay+5}
   (You bought it in a shop on level 1 of the Elven Halls)

   [ring of poison resistance]

   Slay:      It affects your accuracy & damage with ranged weapons and melee
   (+5).
   rPois:     It protects you from poison.
 k - the ring "Muosuted" {rF+ Will+ MP+9 Dex+4}
   (You took it off a minotaur in a Gauntlet)

   [ring of magical power]

   Dex:       It affects your dexterity (+4).
   rF:        It protects you from fire.
   MP:        It affects your magic capacity (+9).
   Will:      It increases your willpower.
 x - the ring of Ceatur {rPois rC++ Dex+10}
   (You took it off a deep elf death mage on level 3 of the Elven Halls)

   [ring of poison resistance]

   Dex:       It affects your dexterity (+10).
   rC:        It greatly protects you from cold.
   rPois:     It protects you from poison.
 M - the ring of Loarphic {rN+ SInv}
   (You found it on level 6 of the Lair of Beasts)

   [ring of positive energy]

   rN:        It protects you from negative energy.
   SInv:      It lets you see invisible.
 R - the ring of Xepsuin (right hand) {rF+++ Will- rCorr Str+3 Int-5}
   (You found it on level 6 of the Lair of Beasts)

   [ring of resist corrosion]

   Str:       It affects your strength (+3).
   Int:       It affects your intelligence (-5).
   rF:        It renders you almost immune to fire.
   rCorr:     It protects you from acid and corrosion.
   Will:      It decreases your willpower.
 V - an amulet of regeneration (around neck)
 Y - the ring "Hollux" {Fly rPois Int+2}
   (You found it in a Gauntlet)

   [ring of flight]

   Int:       It affects your intelligence (+2).
   rPois:     It protects you from poison.
   Fly:       It grants you flight.
Wands
 s - a wand of mindburst (37)
 w - a wand of acid (13)
 D - a wand of paralysis (25)
 G - a wand of digging (24)
 I - a wand of flame (16)
 S - a wand of iceblast (13)
Scrolls
 f - 4 scrolls of silence
 n - 5 scrolls of magic mapping
 p - 4 scrolls of enchant armour
 q - 31 scrolls of identify
 v - 6 scrolls of fog
 z - 8 scrolls of holy word
 J - 7 scrolls of fear
 T - 2 scrolls of immolation
 X - 4 scrolls of blinking
 Z - 25 scrolls of teleportation
Potions
 a - 7 potions of resistance
 h - 4 potions of mutation
 l - 7 potions of curing
 m - 7 potions of brilliance
 u - 4 potions of invisibility
 A - 4 potions of heal wounds
 B - 6 potions of might
 C - 7 potions of ambrosia
 H - 12 potions of lignification
 K - 2 potions of flight
 L - 5 potions of berserk rage
 N - 7 potions of attraction
 O - 5 potions of magic
 Q - a potion of cancellation
Miscellaneous
 t - a condenser vane
 P - a piece from Xom's chessboard (15/15)


   Skills:
 + Level 22.3(27) Fighting
 - Level 22.3(27) Axes
 + Level 9.4(14.4) Throwing
 - Level 15.2(20.2) Armour
 - Level 9.8(14.8) Dodging
 - Level 9.4(14.4) Stealth
 - Level 13.2(18.2) Shields
 - Level 13.8 Spellcasting
 - Level 11.2 Translocations
 O Level 27 Invocations
 - Level 17.3 Evocations


You had 46 spell levels left.
You knew the following spells:

 Your Spells              Type           Power      Damage    Failure   Level
a - Blink                 Tloc           38%        N/A       2%          2
b - Lesser Beckoning      Tloc           19%        N/A       4%          3
c - Apportation           Tloc           38%        N/A       1%          1

Your spell library contained the following spells:

 Spells                   Type           Power      Damage    Failure   Level
 Gell's Gravitas          Tloc           19%        N/A       4%          3
 Teleport Other           Tloc           19%        N/A       4%          3
 Passage of Golubria      Tloc           19%        N/A       13%         4
 Manifold Assault         Tloc           19%        N/A       30%         5
 Portal Projectile        Hex/Tloc       22%        N/A       34%         3
 Iskenderun's Mystic Bla  Conj/Tloc      11%        2d4       71%         4
 Beastly Appendage        Tmut           8%         N/A       73%         1
 Foxfire                  Conj/Fire      16%        2x1d4     73%         1
 Freeze                   Ice            16%        1d4       73%         1
 Magic Dart               Conj           16%        1d3       73%         1
 Sandblast                Erth           8%         2d5       73%         1
 Sting                    Tmut/Pois      16%        1d3       73%         1
 Dispersal                Tloc           9%         N/A       83%         6
 Corpse Rot               Necr/Air       8%         N/A       85%         2
 Passwall                 Tmut/Erth      3%         N/A       85%         2
 Poisonous Vapours        Pois/Air       8%         N/A       85%         2
 Scorch                   Fire           8%         2d5       85%         2
 Sublimation of Blood     Necr           4%         N/A       85%         2
 Wereblood                Tmut           4%         N/A       85%         2
 Confusing Touch          Hex            4%         N/A       97%         3
 Conjure Flame            Conj/Fire      4%         6-21      97%         3
 Dazzling Flash           Conj/Hex       8%         N/A       97%         3
 Frozen Ramparts          Ice            8%         1d2       97%         3
 Ignite Poison            Fire/Tmut/Pois 4%         N/A       97%         3
 Inner Flame              Hex/Fire       4%         N/A       97%         3
 Mephitic Cloud           Conj/Pois/Air  4%         N/A       97%         3
 Ozocubu's Armour         Ice            4%         N/A       97%         3
 Stone Arrow              Conj/Erth      8%         3d7       97%         3
 Flame Wave               Conj/Fire      4%         2d4       100%        4
 Hailstorm                Conj/Ice       4%         3d4       100%        4
 Ice Form                 Ice/Tmut       4%         N/A       100%        4
 Olgreb's Toxic Radiance  Pois           4%         N/A       100%        4
 Petrify                  Tmut/Erth      4%         N/A       100%        4
 Sticky Flame             Conj/Fire      4%         2d3       100%        4
 Agony                    Necr           4%         N/A       100%        5
 Alistair's Intoxication  Tmut/Pois      2%         N/A       100%        5
 Blade Hands              Tmut           2%         N/A       100%        5
 Borgnjor's Vile Clutch   Necr/Erth      2%         N/A       100%        5
 Excruciating Wounds      Necr           2%         N/A       100%        5
 Irradiate                Conj/Tmut      2%         3d14      100%        5
 Iskenderun's Battlesphe  Conj           4%         2d6       100%        5
 Metabolic Englaciation   Hex/Ice        2%         N/A       100%        5
 Silence                  Hex/Air        2%         N/A       100%        5
 Yara's Violent Unravell  Hex/Tmut       2%         3d3       100%        5
 Conjure Ball Lightning   Conj/Air       2%         3x3d6     100%        6
 Eringya's Noxious Bog    Tmut/Pois      2%         N/A       100%        6
 Iron Shot                Conj/Erth      2%         9d2       100%        6
 Statue Form              Tmut/Erth      2%         N/A       100%        6
 Dragon Form              Tmut           2%         N/A       100%        7
 Discord                  Hex            2%         N/A       100%        8
 Ignition                 Fire           2%         3d3       100%        8
 Lehudib's Crystal Spear  Conj/Erth      2%         10d2      100%        8
 Chain Lightning          Conj/Air       2%         3d2       100%        9
 Fire Storm               Conj/Fire      2%         8d1       100%        9
 Shatter                  Erth           2%         3d6*      100%        9
 Summon Small Mammal      Summ           Unusable   N/A       N/A         1
 Call Imp                 Summ           Unusable   N/A       N/A         2
 Summon Forest            Summ/Tloc      Unusable   N/A       N/A         5
 Call Canine Familiar     Summ           Unusable   N/A       N/A         3
 Summon Guardian Golem    Hex/Summ       Unusable   N/A       N/A         3
 Animate Armour           Summ/Erth      Unusable   N/A       N/A         4
 Summon Lightning Spire   Summ/Air       Unusable   N/A       N/A         4
 Summon Mana Viper        Hex/Summ       Unusable   N/A       N/A         5
 Simulacrum               Ice/Necr       Unusable   N/A       N/A         6
 Malign Gateway           Summ/Tloc      Unusable   N/A       N/A         7
 Spellforged Servitor     Conj/Summ      Unusable   N/A       N/A         7
 Summon Hydra             Summ           Unusable   N/A       N/A         7

Dungeon Overview and Level Annotations

Branches:
Dungeon (15/15)            Temple (1/1) D:4            Lair (6/6) D:11
 Shoals (4/4) Lair:4       Spider (4/4) Lair:4        Slime (5/5) Lair:5
    Orc (2/2) D:9             Elf (3/3) Orc:2        Vaults (5/5) D:14
  Crypt (0/3) Vaults:3     Depths (4/4) D:15            Zot (5/5) Depths:4
  IceCv (visited)         Gauntlet (visited)

Altars:
Ashenzari
Cheibriados
Dithmenos
Elyvilon
Fedhas
Gozag
Hepliaklqana
Kikubaaqudgha
Makhleb
Nemelex Xobeh
Okawaru
Qazlal
Ru
Sif Muna
Trog
Uskayaw
Vehumet
Wu Jian
Xom
Yredelemnul
Zin
The Shining One
Beogh
Jiyva

Shops:
D:2 *   D:6 (   Orc:2 [(?!   Elf:1 ==[!   Shoals:1 *   Shoals:4 *   Vaults:2 (
Vaults:3 =   Vaults:4 ![[?*   Vaults:5 ??!?!   Depths:1 *

Portals:
Hell: Depths:1 Depths:2 Depths:3 Depths:4
Abyss: Depths:3 Depths:4
Pandemonium: Depths:1 Depths:2 Depths:4
Ziggurat: Depths:1

Annotations:
Lair:2 3 runed translucent doors, MacCMillion's ghost, journeyman GrEE
Lair:4 exclusion: 2 oklob plants
Zot:5 exclusion: obsidian statue


Innate Abilities, Weirdness & Mutations

You are partially covered in iridescent scales. (AC +2)
You have supernaturally acute eyesight. (SInv)
Armour fits poorly on your strangely shaped body.
You are occasionally teleported next to monsters.
Your spells are a little harder to cast, but a little more powerful.


Message History

The tentacled monstrosity tentacle-slaps you but does no damage. x2
The tentacled monstrosity constricts you.
The Orb Guardian hits you. The Orb Guardian hits you!!
You barely miss the tentacled monstrosity.
You closely miss the Orb Guardian. You slash the orb of fire!
You hit the orb of fire. You completely miss the Orb Guardian.
You slice the dread lich!!
The dread lich points at you and mumbles some strange words.
You suddenly lose the ability to move!
The Orb Guardian hits you but does no damage.
The Orb Guardian hits you!!
The tentacled monstrosity tentacle-slaps you but does no damage. x3
The tentacled monstrosity constricts you!
The orb of fire glows yellow.
The bolt of fire hits you! You resist. The Orb Guardian hits you!
The Orb Guardian hits you!!
The dread lich touches you but does no damage.
The tentacled monstrosity tentacle-slaps you!
* * * LOW HITPOINT WARNING * * *
The tentacled monstrosity completely misses you.
The tentacled monstrosity tentacle-slaps you.
* * * LOW HITPOINT WARNING * * *
The tentacled monstrosity constricts you.
The orb of fire glows yellow.
The bolt of fire hits you! You resist.
* * * LOW HITPOINT WARNING * * *
The Orb Guardian hits you!!
* * * LOW HITPOINT WARNING * * *
The Orb Guardian hits you!
* * * LOW HITPOINT WARNING * * *
The dread lich touches you but does no damage.
The tentacled monstrosity tentacle-slaps you!
* * * LOW HITPOINT WARNING * * *
The tentacled monstrosity completely misses you.
The tentacled monstrosity tentacle-slaps you.
* * * LOW HITPOINT WARNING * * *
The tentacled monstrosity constricts you.
* * * LOW HITPOINT WARNING * * *
The Orb Guardian hits you!!
You die...

,..................#.#****,*,**,*
,..................#.###**,*,**,*
.,..$......§............**,*,**,*
.###....$§..............**,*,**,*
.........§..............**,*,,,,*
.........≈.............,**,******
.............##...##.#****,,,,,,,
...............*XX...# ********
..............d*@....#
#...........#..XL....#
...#.................#
#######▓▓▓▓###########*****
......* **^,,^,,,,,,,,,,**
.....#* **,,,,,,^,,,,,,,,,**
..^..# **,,,,,,,,,,,,^,,,,,**
....## *,,,,,,,,,,,,,,,,,,,,*
....# *,,,,^,,,,,,,,,,,,,,,*


You could see 2 orbs of fire, a tentacled monstrosity, a dread lich (invisible),
a yellow draconian and 2 Orb Guardians.

Vanquished Creatures
  the Royal Jelly (Slime:5)
  An ancient lich (Zot:5)
  The ghost of Dwachs the Executioner, a veteran MiFi of the Shining One (Zot:2)
  The ghost of Sausm the Sniper, a legendary KoDe of Makhleb (Zot:1)
  4 Killer Klowns
  Saint Roka (Depths:1)
  Jory (Depths:3)
  8 golden dragons
  A profane servitor (Abyss:3)
  A bone dragon (Depths:4)
  Jorgrun (D:14)
  4 liches
  5 Orb Guardians
  3 titans (Vaults:5)
  A walking earthen tome (Depths:4)
  11 tentacled monstrosities
  Mlioglotl (Shoals:2)
  4 death cobs
  A deep elf blademaster (Elf:3)
  9 quicksilver dragons
  17 acid blobs
  An Executioner (Abyss:2)
  Polyphemus (Shoals:3)
  6 krakens
  7 sphinxes
  A tentacled starspawn (Abyss:2)
  Kirke (D:14)
  5 draconian monks
  Donald (Lair:4)
  7 shadow dragons
  14 storm dragons
  8 tengu reavers
  17 rockslimes
  The ghost of Zaept the Severer, an adept GrBe of Trog (Elf:1)
  8 azure jellies
  3 daevas
  10 draconian knights
  5 fire giants
  6 emperor scorpions
  6 frost giants
  14 deep elf sorcerers
  Louise (Depths:4)
  15 vault wardens
  3 orc warlords
  8 ghost moths
  5 draconian scorchers
  6 draconian shifters
  An iron dragon (Depths:3)
  2 angels
  A reaper (Depths:3)
  A balrug (Depths:2)
  2 draconian stormcallers
  7 quicksilver oozes
  21 ironbound preservers
  8 ironbound thunderhulks
  3 green draconians
  2 broodmothers (Spider:1)
  14 very ugly things
  The ghost of Elesme the Severer, a journeyman DDGl of Trog (Lair:5)
  The ghost of Elesme the Severer, a journeyman DDGl of Trog (Lair:5)
  3 war gargoyles
  3 draconian annihilators
  An ophan (Abyss:3)
  15 stone giants
  2 vampire knights
  6 deep elf demonologists
  13 black draconians
  6 entropy weavers
  7 red draconians
  12 deep elf annihilators
  A minotaur (Gauntlet)
  2 spark wasps
  19 dire elephants
  16 white draconians
  19 purple draconians
  7 yellow draconians
  3 crystal guardians
  9 deep elf death magi
  A green death (Depths:4)
  2 blizzard demons
  14 ettins
  5 fire dragons
  9 merfolk impalers
  9 great orbs of eyes
  5 merfolk javelineers
  10 yaktaur captains
  11 deep elf high priests
  5 ice dragons
  A rakshasa (Depths:1)
  8 boulder beetles
  Erolcha (D:9)
  40 vault guards
  A spriggan air mage (Depths:1)
  6 merfolk avatars
  3 peacekeepers
  6 ogre magi
  12 hydras
  8 ironbound frosthearts
  3 death knights
  2 salamander tyrants
  3 radroaches
  A catoblepas (Shoals:3)
  6 tengu warriors
  4 merfolk aquamancers (Shoals:4)
  A two-headed ogre (shapeshifter) (Vaults:5)
  36 dancing weapons
  17 two-headed ogres
  6 centaur warriors
  2 spriggan berserkers
  4 deep troll earth magi
  2 satyrs
  23 death yaks
  4 deep troll shamans
  A spectral dire elephant (Lair:6)
  5 thrashing horrors
  4 sun demons
  A hell hog (Abyss:3)
  Urug (Lair:4)
  An orc high priest (Orc:2)
  A shock serpent (shapeshifter) (Vaults:3)
  3 hell knights
  A soul eater (Depths:4)
  16 deep elf knights
  2 wretched stars (Abyss:2)
  A spectral death yak (Lair:6)
  4 shadow wraiths
  A goliath frog (shapeshifter) (Vaults:5)
  3 iron trolls
  2 sun moths
  A sixfirhy (Depths:1)
  7 skeletal warriors
  8 pharaoh ants
  A spectral anaconda (Lair:6)
  52 deep trolls
  3 flayed ghosts
  11 orb spiders
  5 glowing orange brains
  16 sea snakes
  A shadow demon (Depths:2)
  An obsidian statue (Lair:6)
  16 deep elf archers
  5 steelbarb worms
  11 phantasmal warriors
  6 lindwurms
  A golden dragon skeleton (D:15)
  9 wizards
  20 harpies
  2 bog bodies (IceCv)
  6 orc knights
  A frost giant zombie (D:15)
  22 deep elf zephyrmancers
  8 necromancers
  5 oklob plants
  20 wolf spiders
  A fire giant zombie (D:15)
  7 orc sorcerers
  33 deep elf pyromancers
  18 ironbound convokers
  11 manticores
  9 shining eyes
  17 ugly things
  11 cyclopes
  A stone giant zombie (Depths:1)
  A mana viper (shapeshifter) (Vaults:5)
  19 moths of wrath
  18 fauns
  Maurice (Orc:2)
  5 salamanders
  An ice statue (IceCv)
  3 worldbinders
  A guardian serpent (shapeshifter) (Vaults:3)
  8 water nymphs
  A dire elephant zombie (Lair:6)
  7 merfolk sirens
  A guardian serpent (Depths:4)
  A rust devil (Abyss:2)
  2 eyes of devastation
  A water nymph (shapeshifter) (Elf:1)
  5 black mambas
  9 vault sentinels
  7 elephants (Lair:6)
  An orange demon (Depths:2)
  6 torpor snails
  7 cane toads
  9 smoke demons
  A gargoyle (D:14)
  A yaktaur (shapeshifter) (Depths:1)
  2 spriggan zombies (Depths:1)
  Maggie (D:9)
  A kobold demonologist (D:11)
  4 rime drakes
  Psyche (D:8)
  A rime drake (shapeshifter) (D:14)
  7 komodo dragons
  An unseen horror (Abyss:2)
  3 efreet
  2 freezing wraiths
  4 tengu conjurers
  3 ice devils
  29 yaktaurs
  5 demonic crawlers
  3 entropy weaver simulacra (IceCv)
  3 ancient zymes (Abyss:2)
  5 hellwings
  34 merfolk
  3 polar bears
  A polar bear (shapeshifter) (Vaults:5)
  18 meliai
  14 trolls
  30 tarantellas
  5 hornets
  15 blink frogs
  2 shadow dragon simulacra
  111 slime creatures
  A tarantella (shapeshifter) (Vaults:3)
  3 dream sheep (Shoals:1)
  10 snapping turtles
  4 wind drakes
  A dream sheep (shapeshifter) (Elf:3)
  A stone giant simulacrum (Depths:1)
  A human simulacrum (Vaults:1)
  11 large abominations
  20 culicivoras
  2 wyverns
  3 air elementals
  25 jumping spiders
  3 shadows
  A dire elephant simulacrum (IceCv)
  A vampire (Abyss:2)
  5 ynoxinuls
  5 fire elementals
  4 humans (D:15)
  A spriggan skeleton (D:15)
  2 wraiths (D:15)
  22 water elementals
  A basilisk (shapeshifter) (Elf:2)
  9 golden eyes
  3 fire bats (Depths:1)
  2 basilisks
  9 chaos spawn
  40 yaks
  3 hogs (D:15)
  6 neqoxecs
  5 vampire mosquitoes
  A harpy simulacrum (IceCv)
  71 redbacks
  3 death yak simulacra
  9 wargs
  A floating eye (Lair:4)
  2 floating eyes (shapeshifter)
  13 water moccasins
  30 orc warriors
  7 small abominations (Abyss:2)
  An ice beast (D:8)
  An ettin simulacrum (Vaults:4)
  3 necrophages
  An elephant zombie (Lair:6)
  5 sky beasts
  26 ogres
  7 wolves
  5 boggarts
  An elephant skeleton (Lair:6)
  7 centaurs
  3 phantoms (D:5)
  3 kobold brigands
  3 gnoll sergeants
  2 earth elementals
  8 bullfrogs
  3 scorpions
  2 two-headed ogre simulacra (IceCv)
  2 cane toad simulacra
  A wyvern skeleton (D:7)
  3 killer bees (D:10)
  3 elephant simulacra
  9 electric eels
  16 wights
  4 howler monkeys
  24 starcursed masses
  4 bullfrog zombies
  5 centaur zombies
  2 quasits (Abyss:2)
  A jelly (D:2)
  11 hounds
  19 orc priests
  2 bullfrog skeletons (D:6)
  An iron imp (Abyss:2)
  A centaur skeleton (D:7)
  5 iguanas
  22 orc wizards
  7 spriggan simulacra (IceCv)
  2 polar bear simulacra (IceCv)
  6 troll simulacra (IceCv)
  A killer bee zombie (D:8)
  2 wolf simulacra (IceCv)
  A hound skeleton (D:4)
  A mummy (D:4)
  Robin (D:2)
  16 gnolls
  6 adders
  A howler monkey skeleton (D:4)
  9 naga simulacra (IceCv)
  11 river rats (D:6)
  9 white imps
  8 ufetubi
  An adder skeleton (D:4)
  4 worms
  4 dart slugs
  85 orcs
  7 endoplasms
  3 giant cockroaches
  13 goblins
  4 hobgoblins
  6 quokkas (D:6)
  7 ball pythons
  4 bats
  6 frilled lizards
  A hobgoblin zombie (D:4)
  16 kobolds
  A kobold zombie (D:4)
  2 orc zombies (D:4)
  21 rats
  A bush (Lair:1)
  2 starspawn tentacles (Abyss:3)
  14 tentacles
2373 creatures vanquished.

Vanquished Creatures (others)
  3 deep elf knights
  A deep elf pyromancer (Elf:3)
  A deep elf zephyrmancer (Elf:2)
  An air elemental (Elf:1)
  A white imp (Abyss:2)
  25 fungi
  A lurking horror (Abyss:2)
  54 plants
  4 starspawn tentacles
  29 tentacles
  26 withered plants
146 creatures vanquished.

Grand Total: 2519 creatures vanquished

Notes
Turn   | Place    | Note
-------+----------+-------------------------------------------
     0 | D:1      | Ijustatesigmund the Hill Orc Fighter began the quest for
                  | the Orb.
     0 | D:1      | Reached XP level 1. HP: 19/19 MP: 1/1
   310 | D:1      | Reached XP level 2. HP: 25/27 MP: 2/2
   924 | D:2      | Reached XP level 3. HP: 33/33 MP: 3/3
   925 | D:2      | Noticed Robin
   933 | D:2      | Killed Robin
  1290 | D:2      | Reached XP level 4. HP: 41/41 MP: 4/4
  1297 | D:2      | You fall into a shaft and drop 2 floors!
  1325 | D:4      | Reached skill level 5 in Axes
  1356 | D:4      | Noticed a sky beast
  1376 | D:4      | Killed a sky beast
  1377 | D:4      | Reached skill level 5 in Fighting
  1377 | D:4      | Reached XP level 5. HP: 10/48 MP: 5/5
  1758 | D:2      | Found Lizxuzeg's Assorted Antiques.
  1765 | D:2      | Bought a scroll labelled LUAGUD UPHAHIN for 24 gold pieces
  1975 | D:2      | Found a faded altar of an unknown god.
  2296 | D:3      | Found an ancient bone altar of Kikubaaqudgha.
  2309 | D:3      | Reached XP level 6. HP: 56/56 MP: 6/6
  3213 | D:4      | Noticed a necrophage
  3225 | D:4      | Killed a necrophage
  3306 | D:4      | Found a white marble altar of Elyvilon.
  3418 | D:4      | Found a staircase to the Ecumenical Temple.
  3423 | D:4      | Reached XP level 7. HP: 62/62 MP: 7/7
  3438 | Temple   | Entered the Ecumenical Temple
  3520 | D:4      | Reached skill level 1 in Dodging
  3920 | D:5      | Entered Level 5 of the Dungeon
  4276 | D:5      | Reached XP level 8. HP: 53/71 MP: 8/8
  4564 | D:5      | Reached skill level 5 in Armour
  4566 | D:5      | Reached skill level 5 in Shields
  5443 | D:5      | Found an opulent altar of Gozag.
  5804 | D:6      | Reached XP level 9. HP: 45/79 MP: 9/9
  6106 | D:6      | Identified the +6 scale mail of the Dungeon {Str+5}
  6129 | D:6      | Found an iron altar of Okawaru.
  6214 | D:6      | Became a worshipper of Warmaster Okawaru
  6274 | D:6      | Reached skill level 1 in Invocations
  6451 | D:6      | Found Rabrub's Antique Weapon Shop.
  6614 | D:6      | Reached skill level 2 in Invocations
  6893 | D:6      | Reached * piety under Okawaru
  7167 | D:7      | Reached skill level 3 in Invocations
  7252 | D:7      | Reached skill level 10 in Axes
  7548 | D:7      | Reached ** piety under Okawaru
  7549 | D:7      | Reached XP level 10. HP: 78/90 MP: 12/12
  7558 | D:7      | Reached skill level 4 in Invocations
  8203 | D:8      | Reached *** piety under Okawaru
  8204 | D:8      | Reached skill level 5 in Invocations
  8660 | D:8      | Found a bloodstained altar of Trog.
  8832 | D:8      | Noticed Psyche
  8843 | D:8      | Killed Psyche
  9613 | D:9      | Reached skill level 6 in Invocations
  9720 | D:9      | Received a gift from Okawaru
 10036 | D:9      | Noticed Erolcha
 10037 | D:9      | Cast into level 1 of the Abyss (Erolcha)
 10039 | Abyss:1  | Found a corrupted altar of Lugonu.
 10042 | D:9      | Escaped the Abyss
 10053 | D:9      | Killed Erolcha
 10054 | D:9      | Reached skill level 10 in Fighting
 10054 | D:9      | Reached skill level 1 in Throwing
 10054 | D:9      | Reached XP level 11. HP: 73/99 MP: 13/16
 10201 | D:9      | Reached skill level 7 in Invocations
 10476 | D:9      | Reached **** piety under Okawaru
 10569 | D:9      | Noticed Maggie
 10585 | D:9      | Killed Maggie
 11224 | D:9      | Found a staircase to the Orcish Mines.
 11285 | D:9      | Paralysed by something for 6 turns
 11398 | D:10     | Entered Level 10 of the Dungeon
 11405 | D:10     | Found a burning altar of Makhleb.
 11405 | D:10     | Found a shadowy altar of Dithmenos.
 11408 | D:10     | Noticed a two-headed ogre
 11435 | D:10     | Killed a two-headed ogre
 11435 | D:10     | Reached ***** piety under Okawaru
 11435 | D:10     | Received a gift from Okawaru
 11436 | D:10     | Reached skill level 8 in Invocations
 12269 | D:11     | Noticed a two-headed ogre
 12278 | D:11     | Killed a two-headed ogre
 12286 | D:11     | Identified the +0 pair of gloves "Dogac" {Str+2} (Okawaru
                  | gifted it to you on level 11 of the Dungeon)
 12286 | D:11     | Received a gift from Okawaru
 12287 | D:11     | Reached skill level 9 in Invocations
 12460 | D:11     | Reached XP level 12. HP: 102/110 MP: 15/18
 12710 | D:11     | Noticed a seven-headed hydra
 12715 | D:11     | Killed a seven-headed hydra
 13087 | D:11     | Found a staircase to the Lair.
 13159 | D:11     | Reached skill level 5 in Throwing
 13545 | D:12     | Noticed a two-headed ogre
 13557 | D:12     | Killed a two-headed ogre
 13558 | D:12     | Reached skill level 10 in Invocations
 13829 | D:12     | Noticed a two-headed ogre
 13840 | D:12     | Killed a two-headed ogre
 14063 | D:12     | Noticed a boulder beetle
 14076 | D:12     | Killed a boulder beetle
 14348 | D:12     | Noticed a seven-headed hydra
 14360 | D:12     | Killed a seven-headed hydra
 14361 | D:12     | Reached skill level 1 in Evocations
 14884 | D:13     | Noticed a tengu warrior
 14896 | D:13     | Killed a tengu warrior
 14896 | D:13     | Identified the +0 pair of gloves "Aweriquz" {-Cast Rampage
                  | Dex+3} (Okawaru gifted it to you on level 13 of the
                  | Dungeon)
 14896 | D:13     | Received a gift from Okawaru
 15161 | D:13     | Reached skill level 11 in Invocations
 15738 | D:13     | Reached XP level 13. HP: 106/119 MP: 21/21
 17106 | D:14     | Noticed a vault guard
 17106 | D:14     | Noticed a vault guard
 17108 | D:14     | Noticed a vault guard
 17108 | D:14     | Noticed a vault guard
 17109 | D:14     | Noticed a vault guard
 17110 | D:14     | Noticed a vault guard
 17487 | Lair:1   | Entered Level 1 of the Lair of Beasts
 17587 | Lair:1   | Reached skill level 12 in Invocations
 17594 | Lair:1   | Reached skill level 15 in Axes
 18711 | Lair:1   | Reached skill level 5 in Evocations
 19179 | Lair:2   | Noticed a minotaur
 19179 | Lair:2   | Noticed MacCMillion's ghost (journeyman GrEE)
 19368 | Lair:2   | Reached skill level 5 in Dodging
 19369 | Lair:2   | Received a gift from Okawaru
 19701 | Lair:2   | Found a runed translucent gate.
 19701 | Lair:2   | Found a runed translucent gate.
 19701 | Lair:2   | Found a runed translucent gate.
 20405 | Lair:3   | Found a frozen archway.
 20726 | IceCv    | Entered an ice cave
 22409 | IceCv    | Reached skill level 13 in Invocations
 22409 | IceCv    | Reached XP level 14. HP: 125/132 MP: 20/23
 23386 | Lair:3   | Received a gift from Okawaru
 23952 | Lair:3   | Received a gift from Okawaru
 24867 | Lair:4   | Paralysed by a floating eye for 3 turns
 24874 | Lair:4   | Paralysed by a floating eye for 3 turns
 25131 | Lair:4   | Found a hole to the Spider Nest.
 25488 | Lair:4   | Noticed Urug
 25501 | Lair:4   | Killed Urug
 25636 | Lair:4   | Found a staircase to the Shoals.
 26068 | Lair:5   | Reached ****** piety under Okawaru
 26379 | Lair:5   | Found a gate leading to a gauntlet.
 26388 | Gauntlet | Entered a Gauntlet
 26388 | Gauntlet | Found a transporter.
 26388 | Gauntlet | Found a runed translucent gate.
 26388 | Gauntlet | Found a transporter.
 26388 | Gauntlet | Found a runed translucent gate.
 26437 | Gauntlet | Found a runed translucent door.
 26439 | Gauntlet | Found a transporter.
 26441 | Gauntlet | Found a runed translucent door.
 26452 | Gauntlet | Found a transporter.
 26472 | Gauntlet | Found a transporter.
 26472 | Gauntlet | Found a transporter.
 26474 | Gauntlet | Found a transporter.
 26477 | Gauntlet | Found a transporter.
 26477 | Gauntlet | Found a transporter.
 26494 | Gauntlet | Found a transporter.
 26515 | Gauntlet | Found a transporter.
 26525 | Gauntlet | Found a transporter.
 26527 | Gauntlet | Noticed a quicksilver ooze
 26530 | Gauntlet | Found a transporter.
 26579 | Gauntlet | Found a transporter.
 26581 | Gauntlet | Found a runed translucent gate.
 26665 | Gauntlet | Reached skill level 14 in Invocations
 26726 | Gauntlet | Identified the ring "Hollux" {Fly rPois Int+2}
 26756 | Gauntlet | Found the -2 hat of the Alchemist {rElec rPois rF+ rC+ rN+
                  | Will+ rMut rCorr}
 26757 | Gauntlet | Identified the ring "Muosuted" {rF+ Will+ MP+9 Dex+4}
 26787 | Gauntlet | Received a gift from Okawaru
 26788 | Gauntlet | Reached skill level 15 in Fighting
 26953 | Lair:5   | Found a staircase to the Slime Pits.
 27146 | Lair:5   | Found a runed translucent gate.
 27146 | Lair:5   | Found a runed translucent gate.
 27146 | Lair:5   | Found a runed translucent gate.
 27171 | Lair:5   | Noticed Elesme's ghost (journeyman DDGl)
 27171 | Lair:5   | Noticed Elesme's ghost (journeyman DDGl)
 27349 | Lair:6   | Entered Level 6 of the Lair of Beasts
 27646 | Lair:6   | Received a gift from Okawaru
 27676 | Lair:6   | Noticed a dire elephant
 27676 | Lair:6   | Noticed a dire elephant
 27676 | Lair:6   | Noticed a dire elephant
 27676 | Lair:6   | Noticed a dire elephant
 27694 | Lair:6   | Killed a dire elephant
 27809 | Lair:6   | Received a gift from Okawaru
 27810 | Lair:6   | Reached XP level 15. HP: 133/141 MP: 25/25
 28098 | Lair:6   | Reached skill level 10 in Shields
 28628 | Lair:6   | Identified the ring of Loarphic {rN+ SInv}
 28690 | Lair:6   | Reached skill level 15 in Invocations
 28971 | Lair:6   | Received a gift from Okawaru
 29021 | Lair:6   | Identified the ring of Xepsuin {rF+++ Will- rCorr Str+3
                  | Int-5}
 29047 | Lair:6   | Received a gift from Okawaru
 29279 | Orc:1    | Entered Level 1 of the Orcish Mines
 29407 | Orc:2    | Entered Level 2 of the Orcish Mines
 29459 | Orc:2    | Received a gift from Okawaru
 29480 | Orc:2    | Identified the +0 helmet of Disaster {rF+ rC- Slay+6
                  | Stlth+} (Okawaru gifted it to you on level 2 of the Orcish
                  | Mines)
 29480 | Orc:2    | Received a gift from Okawaru
 29500 | Orc:2    | Found Beumpyxzuu's Magic Scroll Shop.
 29514 | Orc:2    | Found Egyf's Armour Emporium.
 29524 | Orc:2    | Bought a scroll of teleportation for 33 gold pieces
 29524 | Orc:2    | Bought a scroll of teleportation for 33 gold pieces
 29564 | Orc:2    | Found a staircase to the Elven Halls.
 29944 | Orc:2    | Found Lick's Distillery.
 29947 | Orc:2    | Found Mioczom's Antique Weapon Boutique.
 29996 | Orc:2    | Bought a potion of heal wounds for 60 gold pieces
 30023 | Orc:2    | Reached XP level 16. HP: 132/148 MP: 27/27
 30039 | Orc:2    | Bought a runed broad axe for 217 gold pieces
 30046 | Orc:2    | Reached skill level 16 in Invocations
 30265 | Orc:2    | Noticed Maurice
 30277 | Orc:2    | Killed Maurice
 30501 | Orc:2    | Found a roughly hewn altar of Beogh.
 30553 | Orc:2    | Paralysed by an orc sorcerer for 3 turns
 31613 | Orc:2    | Bought a scroll of blinking for 82 gold pieces
 31613 | Orc:2    | Bought a scroll of magic mapping for 38 gold pieces
 31613 | Orc:2    | Bought a scroll of fear for 38 gold pieces
 31613 | Orc:2    | Bought a scroll of acquirement for 572 gold pieces
 31613 | Orc:2    | Bought a scroll of blinking for 82 gold pieces
 31619 | Orc:2    | Acquired the +0 helmet "Jiogofru" {Regen+ Str+7}
 31651 | Orc:2    | Bought a potion of haste for 120 gold pieces
 31651 | Orc:2    | Bought a potion of mutation for 96 gold pieces
 31651 | Orc:2    | Bought a potion of haste for 120 gold pieces
 31651 | Orc:2    | Bought a potion of resistance for 120 gold pieces
 31651 | Orc:2    | Bought a potion of curing for 36 gold pieces
 31651 | Orc:2    | Bought a potion of lignification for 36 gold pieces
 31890 | D:13     | Identified the +6 hunting sling "Jedoeloi" {venom, rElec
                  | Stlth+} (Okawaru gifted it to you on level 13 of the
                  | Dungeon)
 31890 | D:13     | Received a gift from Okawaru
 32203 | D:14     | Found a gate to the Vaults.
 32292 | D:14     | Noticed Jorgrun
 32311 | D:14     | Killed Jorgrun
 32592 | D:15     | Entered Level 15 of the Dungeon
 32737 | D:15     | Received a gift from Okawaru
 32737 | D:15     | Found the +7 Kryia's mail coat {PotionHeal*2 rC+}
 32900 | D:15     | Found a staircase to the Depths.
 33276 | D:15     | Reached skill level 17 in Invocations
 33596 | D:15     | Noticed Kirke
 33764 | D:14     | Killed Kirke
 33765 | D:14     | Reached skill level 10 in Armour
 34225 | Shoals:1 | Entered Level 1 of the Shoals
 34263 | Shoals:1 | Reached XP level 17. HP: 119/162 MP: 29/29
 35035 | Shoals:1 | Found Lyerub's CLEARANCE SALE!.
 35043 | Shoals:1 | Bought a scroll of enchant armour for 37 gold pieces
 35043 | Shoals:1 | Bought a potion of curing for 15 gold pieces
 35281 | Shoals:2 | Noticed Mlioglotl
 35292 | Shoals:2 | Killed Mlioglotl
 35390 | Shoals:2 | Received a gift from Okawaru
 35639 | Shoals:2 | Received a gift from Okawaru
 35716 | Shoals:2 | Reached skill level 18 in Invocations
 35840 | Shoals:2 | Noticed a kraken
 35851 | Shoals:2 | Killed a kraken
 36377 | Shoals:2 | Noticed a kraken
 36386 | Shoals:2 | Killed a kraken
 36655 | Shoals:3 | Noticed Polyphemus
 36908 | Shoals:3 | Received a gift from Okawaru
 36931 | Shoals:3 | Killed Polyphemus
 37276 | Shoals:3 | Received a gift from Okawaru
 37525 | Shoals:4 | Entered Level 4 of the Shoals
 37581 | Shoals:4 | Noticed a kraken
 37607 | Shoals:4 | Killed a kraken
 37624 | Shoals:4 | Got a barnacled rune of Zot
 37770 | Shoals:4 | Reached skill level 19 in Invocations
 37770 | Shoals:4 | Reached XP level 18. HP: 164/170 MP: 31/31
 37796 | Shoals:4 | Learned a level 2 spell: Blink
 37852 | Shoals:4 | Reached skill level 1 in Translocations
 37905 | Shoals:4 | Found Qitizui's Overcharged Wands.
 38073 | Shoals:4 | Identified the +1 scale mail of Fedhas's Displeasure {rPois
                  | Str+4}
 38166 | Shoals:4 | Identified the +10 crystal plate armour of the Known World
                  | {Harm rN+ Will-} (Okawaru gifted it to you on level 4 of
                  | the Shoals)
 38166 | Shoals:4 | Received a gift from Okawaru
 38381 | Shoals:4 | Reached skill level 5 in Translocations
 39189 | Spider:1 | Entered Level 1 of the Spider Nest
 39189 | Spider:1 | Noticed Donald
 39201 | Lair:4   | Killed Donald
 40261 | Spider:1 | Identified the +0 hat of Wityem Mekh {rC- rN+ Str+8 Stlth+}
                  | (Okawaru gifted it to you on level 1 of the Spider Nest)
 40261 | Spider:1 | Received a gift from Okawaru
 41100 | Spider:2 | Reached XP level 19. HP: 177/177 MP: 32/32
 41208 | Spider:2 | Reached skill level 10 in Translocations
 41940 | Spider:4 | Entered Level 4 of the Spider Nest
 42350 | Spider:3 | Reached skill level 1 in Spellcasting
 43270 | Spider:4 | Received a gift from Okawaru
 43780 | Spider:4 | Received a gift from Okawaru
 44763 | Spider:4 | Got a gossamer rune of Zot
 45118 | Elf:1    | Entered Level 1 of the Elven Halls
 45274 | Elf:1    | Paralysed by an air elemental for 1 turns
 45277 | Elf:1    | Paralysed by an air elemental for 1 turns
 45317 | Elf:1    | Received a gift from Okawaru
 45987 | Elf:1    | Found Riganyinn's Jewellery Shoppe.
 46037 | Elf:1    | Bought the ring of Gin and Tonic {rPois Slay+5} for 768
                  | gold pieces
 46155 | Elf:1    | Noticed Zaept's ghost (adept GrBe)
 46303 | Elf:1    | Found a runed translucent gate.
 46303 | Elf:1    | Found a runed translucent gate.
 46303 | Elf:1    | Found a runed translucent gate.
 46351 | Elf:1    | Found Eczov Xaw's Distillery.
 46353 | Elf:1    | Found Edeesoel's Antique Armour Emporium.
 46355 | Elf:1    | Found Firahiam's Jewellery Shoppe.
 46359 | Elf:1    | Bought a potion of heal wounds for 55 gold pieces
 46359 | Elf:1    | Bought 2 potions of curing for 66 gold pieces
 46359 | Elf:1    | Bought a potion of resistance for 110 gold pieces
 46359 | Elf:1    | Bought a potion of mutation for 88 gold pieces
 46359 | Elf:1    | Bought a potion of lignification for 33 gold pieces
 46602 | Elf:1    | Reached skill level 20 in Invocations
 46675 | Elf:1    | Killed Zaept's ghost
 46676 | Arena    | Entered the Arena
 46704 | Elf:1    | Reached XP level 20. HP: 69/189 MP: 26/34
 46720 | Elf:1    | Identified the +8 mace "Newtbane" {flame, Dex+2}
 47041 | Elf:2    | Found a runed translucent gate.
 47041 | Elf:2    | Found a runed translucent gate.
 47041 | Elf:2    | Found a runed translucent gate.
 47182 | Elf:2    | Received a gift from Okawaru
 47203 | Elf:2    | Paralysed by an air elemental for 1 turns
 47542 | Arena    | Entered the Arena
 48455 | Elf:3    | Entered Level 3 of the Elven Halls
 49579 | Elf:3    | Cast into level 2 of the Abyss (a deep elf demonologist)
 49674 | Elf:3    | Escaped the Abyss
 49684 | Elf:3    | Paralysed by an air elemental for 1 turns
 49696 | Elf:3    | Reached skill level 21 in Invocations
 49715 | Elf:3    | Identified the +3 shortbow "Goblinbane" {vorpal, rF++ Int+4
                  | Dex-5}
 49897 | Elf:3    | Identified the +4 falchion of Nucsudeo {vorpal, rF+ Int+4
                  | SInv}
 49981 | Elf:3    | Identified the ring of Ceatur {rPois rC++ Dex+10}
 50236 | Elf:3    | Cast into level 2 of the Abyss (a deep elf sorcerer)
 50421 | Abyss:2  | Paralysed by accursed screaming for 1 turns
 50521 | Abyss:2  | Gained mutation: You tend to lose your temper in combat. [a
                  | neqoxec]
 50523 | Abyss:2  | Gained mutation: You are clumsy. (Dex -2) [a neqoxec]
 50612 | Abyss:2  | Paralysed by accursed screaming for 2 turns
 50631 | Elf:3    | Escaped the Abyss
 50815 | Elf:3    | Identified the ring of the Magpie {+Blink Str+6}
 50817 | Arena    | Entered the Arena
 50857 | Elf:3    | Identified the +0 ring mail of Polytheism {Dex+6 SInv}
 51190 | Elf:3    | Got the Incunabulum of Twisted Transmutation
 51195 | Elf:3    | Learned a level 3 spell: Lesser Beckoning
 51210 | Elf:3    | Reached XP level 21. HP: 155/192 MP: 35/35
 51229 | Elf:3    | Got Asmaz's Reference Book on Earthen Heat
 51295 | Elf:3    | Identified the +0 ring mail of Doah {Will+ Regen+ Dex+3}
 51532 | Elf:3    | Got Uppoot's Guide on the Volcanoes and Changing
 51579 | Elf:3    | Cast into level 2 of the Abyss (a deep elf sorcerer)
 51847 | Abyss:3  | Noticed a profane servitor
 51871 | Abyss:3  | Killed a profane servitor
 52002 | Elf:3    | Escaped the Abyss
 52308 | Lair:1   | Upgraded the game from 0.28-a0-1545-g945cd3f27e to
                  | 0.28-a0-1560-g060a6a1bfc
 52392 | Vaults:1 | Entered Level 1 of the Vaults
 52447 | Vaults:1 | Lost mutation: You tend to lose your temper in combat.
                  | [potion of mutation]
 52447 | Vaults:1 | Lost mutation: You are clumsy. (Dex -2) [potion of
                  | mutation]
 52447 | Vaults:1 | Gained mutation: You are frail. (-10% HP) [potion of
                  | mutation]
 52447 | Vaults:1 | Gained mutation: Your muscles are strong. (Str +2) [potion
                  | of mutation]
 52447 | Vaults:1 | Gained mutation: You have sharp toenails. [potion of
                  | mutation]
 52447 | Vaults:1 | Gained mutation: You are strong-willed. (Will+) [potion of
                  | mutation]
 52448 | Vaults:1 | Lost mutation: You are strong-willed. (Will+) [potion of
                  | mutation]
 52448 | Vaults:1 | Lost mutation: Your muscles are strong. (Str +2) [potion of
                  | mutation]
 52448 | Vaults:1 | Lost mutation: You have sharp toenails. [potion of
                  | mutation]
 52448 | Vaults:1 | Gained mutation: You are dopey. (Int -2) [potion of
                  | mutation]
 52448 | Vaults:1 | Gained mutation: Your flesh is cold resistant. (rC+)
                  | [potion of mutation]
 52449 | Vaults:1 | Lost mutation: Your flesh is cold resistant. (rC+) [potion
                  | of mutation]
 52449 | Vaults:1 | Lost mutation: You are frail. (-10% HP) [potion of
                  | mutation]
 52449 | Vaults:1 | Gained mutation: You have hidden genetic potential. [potion
                  | of mutation]
 52449 | Vaults:1 | Gained mutation: You are strong-willed. (Will+) [potion of
                  | mutation]
 52449 | Vaults:1 | Gained mutation: You expend magic power (3 MP) to
                  | strengthen your wands. [potion of mutation]
 52569 | Vaults:1 | Identified the +7 hand axe of Okawaru's Reproof {vorpal,
                  | rElec rC- Will+ Dex+6} (Okawaru gifted it to you on level 1
                  | of the Vaults)
 52569 | Vaults:1 | Received a gift from Okawaru
 52816 | Vaults:1 | Reached skill level 22 in Invocations
 53700 | Vaults:1 | Identified the +5 giant club of the Traitor {flame, rPois}
 53770 | Vaults:1 | Identified the +3 plate armour of Raischemy {rF+ rN+ Int-5}
                  | (Okawaru gifted it to you on level 1 of the Vaults)
 53770 | Vaults:1 | Received a gift from Okawaru
 54269 | Vaults:2 | Reached skill level 15 in Armour
 54680 | Vaults:2 | Found Tolirist's Antique Weapon Shop.
 55649 | Vaults:3 | Reached skill level 1 in Stealth
 56160 | Vaults:3 | Reached XP level 22. HP: 171/213 MP: 37/37
 56319 | Vaults:3 | Reached skill level 5 in Stealth
 56321 | Vaults:3 | Gained mutation: You passively dampen the noise of your
                  | surroundings. [hidden potential]
 56482 | Vaults:3 | Identified the +4 helmet of Okawaru's Wrath {Fly Str+3
                  | Dex-2 SInv} (Okawaru gifted it to you on level 3 of the
                  | Vaults)
 56482 | Vaults:3 | Received a gift from Okawaru
 56717 | Vaults:3 | Found a staircase to the Crypt.
 57074 | Vaults:3 | Found Kululah's Jewellery Emporium.
 57300 | Vaults:4 | Found Fudwegud's Armour Boutique.
 57839 | Vaults:4 | Reached skill level 23 in Invocations
 58099 | Vaults:4 | Found Ylulurum's Antique Armour Shoppe.
 58253 | Vaults:4 | Found Veagor's Distillery.
 58269 | Vaults:4 | Bought a potion of heal wounds for 120 gold pieces
 58269 | Vaults:4 | Bought a potion of heal wounds for 120 gold pieces
 58269 | Vaults:4 | Bought a potion of might for 96 gold pieces
 58269 | Vaults:4 | Bought a potion of might for 96 gold pieces
 58601 | Vaults:4 | Received a gift from Okawaru
 58706 | Vaults:4 | Found Foomaho's Magic Scroll Shop.
 58711 | Vaults:4 | Bought a scroll of teleportation for 42 gold pieces
 58711 | Vaults:4 | Bought a scroll of teleportation for 42 gold pieces
 58711 | Vaults:4 | Bought a scroll of teleportation for 42 gold pieces
 58716 | Vaults:4 | Found Sewupoc's General Store.
 58927 | Vaults:5 | Entered Level 5 of the Vaults
 58940 | Vaults:5 | Reached XP level 23. HP: 203/220 MP: 31/38
 58949 | Vaults:5 | Gained mutation: You have sharp toenails. [hidden
                  | potential]
 58949 | Vaults:5 | Lost mutation: You have hidden genetic potential. [hidden
                  | potential expressed]
 58950 | Vaults:5 | Reached skill level 24 in Invocations
 59081 | Vaults:5 | Noticed a golden dragon
 59095 | Vaults:5 | Killed a golden dragon
 59285 | Arena    | Entered the Arena
 59551 | Vaults:5 | Noticed a golden dragon
 59573 | Vaults:5 | Killed a golden dragon
 59595 | Vaults:5 | Identified the +3 war axe of Eternal Vigilance {vorpal,
                  | rF++ rN+ rCorr Dex+4}
 59702 | Vaults:5 | Got Sif Muna's Handbook of Hurtful Necromancy
 59705 | Vaults:5 | Learned a level 1 spell: Apportation
 59743 | Vaults:5 | Received a gift from Okawaru
 59781 | Vaults:5 | Received a gift from Okawaru
 60083 | Vaults:5 | Identified the +5 morningstar of the Sneaky Persimmons
                  | {vamp, Str+2}
 60090 | Vaults:5 | Reached skill level 25 in Invocations
 60221 | Vaults:5 | Found the +3 warlock's mirror {reflect}
 60316 | Vaults:5 | Identified the +5 chain mail "Usaemn" {rElec rPois Slay+5
                  | Stlth+}
 60537 | Vaults:5 | Found Xajas's Magic Scroll Shop.
 60542 | Vaults:5 | Bought a scroll of teleportation for 63 gold pieces
 60542 | Vaults:5 | Bought a scroll of teleportation for 63 gold pieces
 60542 | Vaults:5 | Bought a scroll of teleportation for 63 gold pieces
 60542 | Vaults:5 | Bought a scroll of acquirement for 1092 gold pieces
 60542 | Vaults:5 | Acquired 1084 gold pieces
 60546 | Vaults:5 | Bought a scroll of acquirement for 1092 gold pieces
 60546 | Vaults:5 | Acquired a manual of Evocations
 60557 | Vaults:5 | Found Merchuq's Distillery.
 60699 | Vaults:5 | Found Ecras's Magic Scroll Shoppe.
 60704 | Vaults:5 | Bought a scroll of blinking for 127 gold pieces
 60712 | Vaults:5 | Found Ublion's Distillery.
 60716 | Vaults:5 | Bought 2 potions of heal wounds for 240 gold pieces
 60725 | Vaults:5 | Found Cufrupsa's Distillery.
 60729 | Vaults:5 | Bought a potion of heal wounds for 65 gold pieces
 60729 | Vaults:5 | Bought 2 potions of might for 104 gold pieces
 60740 | Vaults:5 | Found Zeron's Magic Scroll Shoppe.
 60745 | Vaults:5 | Bought a scroll of holy word for 142 gold pieces
 60759 | Vaults:5 | Paralysed by a floating eye for 3 turns
 60800 | Vaults:5 | Got a silver rune of Zot
 60898 | Vaults:5 | Received a gift from Okawaru
 61063 | Depths:1 | Entered Level 1 of the Depths
 61096 | Depths:1 | Reached skill level 10 in Evocations
 61176 | Depths:1 | Found a one-way gateway to a ziggurat.
 61190 | Arena    | Entered the Arena
 61324 | Depths:1 | Found Akhomal's Gadget Gallery.
 61333 | Depths:1 | Reached XP level 24. HP: 220/221 MP: 39/39
 61400 | Depths:1 | Found a gateway to Hell.
 61450 | Depths:1 | Identified the +1 buckler of Masochism {rCorr Int+5}
 61660 | Depths:1 | Identified the +2 pair of gloves of the Alphagorgon {rElec
                  | rCorr Int-5 Dex+4} (Okawaru gifted it to you on level 1 of
                  | the Depths)
 61660 | Depths:1 | Received a gift from Okawaru
 61813 | Depths:1 | Gained mutation: You are very dopey. (Int -4) [a neqoxec]
 61841 | Depths:1 | Found a one-way gate leading to the halls of Pandemonium.
 62151 | Depths:2 | Noticed Saint Roka
 62195 | Depths:1 | Killed Saint Roka
 62581 | Depths:2 | Found a shimmering altar of Xom.
 62582 | Depths:2 | Found a blossoming altar of Fedhas.
 62582 | Depths:2 | Found a hazy altar of Hepliaklqana.
 62589 | Depths:2 | Found a blossoming altar of Fedhas.
 62589 | Depths:2 | Found a sparkling altar of Nemelex Xobeh.
 62589 | Depths:2 | Found a shimmering altar of Xom.
 63060 | Depths:2 | You fall into a shaft and drop 2 floors!
 63060 | Depths:4 | Entered Level 4 of the Depths
 63090 | Depths:4 | Reached skill level 15 in Evocations
 63439 | Depths:2 | Identified the +3 ring mail "Jilahus" {rC+ Str-4 Slay+3}
 64010 | Lair:5   | Killed Elesme's ghost
 64014 | Lair:5   | Killed Elesme's ghost
 64194 | Slime:1  | Entered Level 1 of the Pits of Slime
 64199 | Slime:1  | Received a gift from Okawaru
 64228 | Slime:2  | Gained mutation: You have hidden genetic defects. [a
                  | shining eye]
 64235 | Slime:2  | Gained mutation: You sometimes lose the ability to read
                  | scrolls when taking damage. [a shining eye]
 65081 | Slime:4  | Identified the +2 scale mail of Patterns {+Blink rF+ rC-}
                  | (Okawaru gifted it to you on level 4 of the Pits of Slime)
 65081 | Slime:4  | Received a gift from Okawaru
 65091 | Slime:4  | Gained mutation: Your body sometimes deteriorates upon
                  | taking damage. [hidden defects]
 65521 | Slime:5  | Entered Level 5 of the Pits of Slime
 65537 | Slime:5  | Reached XP level 25. HP: 101/236 MP: 39/39
 65668 | Slime:4  | Lost mutation: You expend magic power (3 MP) to strengthen
                  | your wands. [potion of mutation]
 65668 | Slime:4  | Lost mutation: Your body sometimes deteriorates upon taking
                  | damage. [potion of mutation]
 65849 | Slime:5  | Found a viscous altar of Jiyva.
 65849 | Slime:5  | Noticed the Royal Jelly
 65863 | Slime:5  | Found the +3 crown of Dyrovepreva {rElec Int+2 SInv}
 65877 | Slime:5  | Killed the Royal Jelly
 65878 | Slime:5  | Identified the +7 long sword "Kokoh" {freeze, rElec rF- rC+
                  | rCorr}
 65878 | Slime:5  | Found the +0 staff of Battle
 65908 | Slime:4  | Gained mutation: Armour fits poorly on your strangely
                  | shaped body. [hidden defects]
 65908 | Slime:4  | Lost mutation: You have hidden genetic defects. [hidden
                  | defects expressed]
 66108 | Slime:5  | Gained mutation: Your body sometimes deteriorates upon
                  | taking damage. [a shining eye]
 66130 | Slime:5  | Got Sif Muna's Collected Works on Dislocation and
                  | Transmutation
 66136 | Slime:5  | Got Ziaph's Grimoire of Bewitchment
 66228 | Slime:5  | Got a slimy rune of Zot
 66265 | Slime:5  | Got the Catalogue of Stones and Weightlessness
 66271 | Slime:5  | Got the Disquisition on Fetching Creation
 66274 | Slime:5  | Acquired a manual of Spellcasting
 66309 | Slime:5  | Lost mutation: You sometimes lose the ability to read
                  | scrolls when taking damage. [potion of mutation]
 66309 | Slime:5  | Lost mutation: Armour fits poorly on your strangely shaped
                  | body. [potion of mutation]
 66309 | Slime:5  | Lost mutation: You have sharp toenails. [potion of
                  | mutation]
 66309 | Slime:5  | Lost mutation: You are very dopey. (Int -4) [potion of
                  | mutation]
 66309 | Slime:5  | Gained mutation: You have a pair of small horns on your
                  | head. [potion of mutation]
 66310 | Slime:5  | Lost mutation: You are strong-willed. (Will+) [potion of
                  | mutation]
 66310 | Slime:5  | Lost mutation: You passively dampen the noise of your
                  | surroundings. [potion of mutation]
 66310 | Slime:5  | Gained mutation: You have an increased reservoir of magic.
                  | (+10% MP) [potion of mutation]
 66310 | Slime:5  | Gained mutation: You have supernaturally acute eyesight.
                  | (SInv) [potion of mutation]
 66311 | Slime:5  | Lost mutation: You have supernaturally acute eyesight.
                  | (SInv) [potion of mutation]
 66311 | Slime:5  | Lost mutation: Your body sometimes deteriorates upon taking
                  | damage. [potion of mutation]
 66311 | Slime:5  | Lost mutation: You are dopey. (Int -2) [potion of mutation]
 66311 | Slime:5  | Lost mutation: You have an increased reservoir of magic.
                  | (+10% MP) [potion of mutation]
 66311 | Slime:5  | Gained mutation: You are partially covered in iridescent
                  | scales. (AC +2) [potion of mutation]
 66311 | Slime:5  | Gained mutation: You have supernaturally acute eyesight.
                  | (SInv) [potion of mutation]
 66390 | Slime:1  | Gained mutation: You sometimes lose the ability to read
                  | scrolls when taking damage. [a shining eye]
 66391 | Slime:1  | Gained mutation: You are clumsy. (Dex -2) [a shining eye]
 67011 | Depths:3 | Noticed Jory
 67033 | Depths:3 | Killed Jory
 67371 | Depths:3 | Reached skill level 26 in Invocations
 67504 | Depths:3 | Found a one-way gate to the infinite horrors of the Abyss.
 67827 | Depths:4 | Noticed Louise
 67855 | Depths:4 | Killed Louise
 67859 | Depths:4 | Reached skill level 5 in Spellcasting
 68158 | Depths:4 | Identified the +4 short sword "Sinlot" {venom, *Slow rPois
                  | Str+2}
 68216 | Depths:4 | Received a gift from Okawaru
 68750 | Depths:4 | Found a gate to the Realm of Zot.
 68921 | Depths:4 | Found the +3 pair of seven-league boots {Rampage+∞}
 69120 | Zot:1    | Entered Level 1 of the Realm of Zot
 69286 | Zot:1    | Found a runed translucent door.
 69286 | Zot:1    | Noticed Sausm's ghost (legendary KoDe)
 69325 | Zot:1    | Killed Sausm's ghost
 69326 | Zot:1    | Reached skill level 27 in Invocations
 69786 | Depths:4 | Upgraded the game from 0.28-a0-1560-g060a6a1bfc to
                  | 0.28-a0-1568-g77cbbf62ba
 70075 | Zot:1    | Received a gift from Okawaru
 70286 | Zot:3    | Reached skill level 10 in Spellcasting
 70452 | Zot:2    | Received a gift from Okawaru
 70475 | Zot:2    | Found a runed translucent gate.
 70475 | Zot:2    | Found a runed translucent gate.
 70475 | Zot:2    | Found a runed translucent gate.
 70476 | Zot:2    | Noticed Dwachs's ghost (veteran MiFi)
 70575 | Zot:2    | Lost mutation: You are clumsy. (Dex -2) [potion of
                  | mutation]
 70575 | Zot:2    | Lost mutation: You sometimes lose the ability to read
                  | scrolls when taking damage. [potion of mutation]
 70575 | Zot:2    | Lost mutation: You have a pair of small horns on your head.
                  | [potion of mutation]
 70575 | Zot:2    | Gained mutation: Your spells are a little harder to cast,
                  | but a little more powerful. [potion of mutation]
 70895 | Zot:2    | Killed Dwachs's ghost
 70896 | Zot:2    | Reached XP level 26. HP: 168/246 MP: 40/40
 71621 | Zot:3    | Noticed a Killer Klown
 71622 | Zot:3    | Noticed a Killer Klown
 71644 | Zot:3    | Received a gift from Okawaru
 71713 | Zot:3    | Killed a Killer Klown
 71758 | Zot:3    | Killed a Killer Klown
 71805 | Zot:3    | Identified the +2 chain mail of Decompression {+Inv rF-
                  | rC++}
 72149 | Zot:5    | Entered Level 5 of the Realm of Zot
 72547 | Zot:4    | Noticed a Killer Klown
 72583 | Zot:4    | Killed a Killer Klown
 72592 | Zot:4    | Noticed a Killer Klown
 72620 | Zot:4    | Killed a Killer Klown
 73214 | Zot:4    | Received a gift from Okawaru
 73908 | Zot:5    | Noticed an ancient lich
 73914 | Zot:5    | Killed an ancient lich
 73915 | Zot:5    | Noticed a dread lich
 73923 | Zot:5    | Noticed a Killer Klown
 73923 | Zot:5    | Noticed an orb of fire
 73924 | Zot:5    | Paralysed by a dread lich for 7 turns
 73925 | Zot:5    | Noticed a dread lich
 73926 | Zot:5    | Noticed an ancient lich
 73926 | Zot:5    | Noticed an orb of fire
 73931 | Arena    | Entered the Arena
 73958 | Zot:5    | Noticed a dread lich
 73958 | Zot:5    | Paralysed by a dread lich for 3 turns
 73958 | Zot:5    | Noticed a dread lich
 73963 | Zot:5    | Received a gift from Okawaru
 74105 | Zot:5    | Gained mutation: You are occasionally teleported next to
                  | monsters. [an orb of fire]
 74107 | Zot:5    | Gained mutation: Armour fits poorly on your strangely
                  | shaped body. [an orb of fire]
 74109 | Zot:5    | Paralysed by a dread lich for 6 turns
 74112 | Zot:5    | HP: 12/240 [constriction (3)]
 74112 | Zot:5    | Mangled by an Orb Guardian

Illustrated notes

Levels and vault maps discovered:
D:1:      dpeg_arrival_arbitrary_a, layout_basic
D:2:      layout_basic, serial_shops, shop_statue,
          shapermc_ecumenical_altar_totnotflames, uniq_robin
D:3:      layout_loops_ring, nicolae_kikubaaqudgha_miasma_corner,
          kennysheep_generic_room_10
D:4:      layout_loops_ring, mainiacjoe_overflow_small_starburst,
          temple_fountains, minmay_mini_ossuary
D:5:      layout_layer_cave, kennysheep_mini, minmay_joined_circles
D:6:      lemuel_ratsnest, layout_rooms, mainiacjoe_overflow_catwalk,
          serial_shops, nicolae_take_the_stairs
D:7:      layout_cave_pools, uniq_crazy_yiuf_cottage
D:8:      layout_loops_ring, marbit_many_paths, uniq_psyche
D:9:      layout_long_grid, erik_orc_2, uniq_erolcha, uniq_maggie
D:10:     layout_rooms, chequers_temple_overflow_statue_of_worship
D:11:     layout_rooms, erik_lair_island
D:12:     layout_loops_cross
D:13:     layout_basic
D:14:     layout_cross, erik_vaults_2, chequers_serial_rivers_micro_d,
          serial_column_ruins, column_ruins_hut, column_ruins_corridor_dead_end,
          column_ruins_columns_straight, column_ruins_grid_3,
          column_ruins_grid_1, column_ruins_open_tiny, uniq_jorgrun
D:15:     gammafunk_depths_entry_grave, layout_loops_ring, columned_hall_lemuel,
          dk_noncrumbling_2, grunt_potential, uniq_kirke
Temple:   minmay_freezing_vapour_temple
Lair:1:   layout_regular_city, eino_small_chamber_without_monster,
          minmay_lair_oklob_items, st_stairs_13
Lair:2:   layout_roguey, maelrawn_ghost_gauntlet_escape, grunt_megastairs_5
Lair:3:   layout_layer_cave, portal_ice_cave_demonic_guard,
          grunt_forest_small_clearings, chequers_serial_rivers_room_b
Lair:4:   layout_loops_ring, elwin_shoals_entry_stream,
          spider_nest_entry_funnel_web, disabler_island, uniq_urug
Lair:5:   layout_misc_corridors, minmay_slime_entry_oklob_open,
          gammafunk_ghost_cemetery, gauntlet_entry_generic
Lair:6:   due_jungle_book, layout_loops_ring, minivault_19, minivault_24,
          grunt_megastairs_1
Shoals:1: layout_shoals, nicolae_shop_clearance
Shoals:2: layout_shoals, uniq_mlioglotl
Shoals:3: layout_shoals, nicolae_shoals_nymph_descending_staircase,
          uniq_polyphemus
Shoals:4: shoals_end_hangedman, layout_shoals, nicolae_shop_overcharged_wands
Spider:1: nicolae_spider_hilbert_zone_2 [nicolae_spider_hilbert_4_sides_1_open,
          nicolae_spider_hilbert_4_sides_1_open,
          nicolae_spider_hilbert_4_sides_1_open,
          nicolae_spider_hilbert_4_sides_1_open,
          nicolae_spider_hilbert_6_sides_1_open,
          nicolae_spider_hilbert_6_sides_1_open,
          nicolae_spider_hilbert_3_sides_1_open,
          nicolae_spider_hilbert_3_sides_1_open,
          nicolae_spider_hilbert_3_sides_1_open,
          nicolae_spider_hilbert_3_sides_1_open,
          nicolae_spider_hilbert_6_sides_1_open,
          nicolae_spider_hilbert_6_sides_1_open,
          nicolae_spider_hilbert_6_sides_1_open,
          nicolae_spider_hilbert_6_sides_1_open], uniq_donald
Spider:2: layout_chambers
Spider:3: layout_spider_delve, nicolae_spider_moth_buddies,
          hangedman_spider_tarantella_strand
Spider:4: spider_rune_water, nicolae_spider_checkerboard
Slime:1:  layout_caves, basic_altar
Slime:2:  layout_caves
Slime:3:  layout_caves
Slime:4:  layout_caves
Slime:5
Orc:1:    layout_caves
Orc:2:    st_orc_open, layout_diamond_mine, basic_altar, minmay_orc_treasury,
          uniq_maurice
Elf:1:    layout_onion_city, serial_shops, nicolae_shop_crystal,
          gammafunk_ghost_split, minivault_28, minmay_shop_star
Elf:2:    nicolae_elf_blades_crystal_corner, layout_loops_corners
Elf:3:    minmay_elf_hall_hex, layout_loops_ring, st_stairs_11, billiards_dpeg
Vaults:1: v_misc_11, vaults_room_semicircle, v_misc_24, v_alt_pattern_3,
          dpeg_vaults_monster_box, grunt_vaults_swirl,
          nicolae_vaults_little_squares_1, vaults_dpeg_cross,
          vaults_room_corners, nicolae_vaults_hallways_thing, serial_ice_g,
          nicolae_vaults_what_the_h, v_misc_10, layout_vaults_big_room
Vaults:2: nicolae_vaults_diagonal_hallway_9, v_misc_11, v_misc_19,
          vaults_mumra_lcd, ontoclasm_vaults_claustrophobia,
          vaults_dpeg_diagonal, vaults_room_fours, vaults_room_fours,
          v_alt_pattern_2, layout_vaults_omnigrid, serial_shops,
          nicolae_shop_advertising_works [nicolae_subvault_shop_adworks]
Vaults:3: blue_anna_dwarven_crypt, v_misc_13, nicolae_vaults_network_s,
          ontoclasm_vaults_gateway, vaults_mumra_chevron,
          nicolae_vaults_little_ls, vaults_room_corners, v_rooms_5,
          hangedman_vaults_river_flow, nicolae_vaults_network_barrier,
          hangedman_vaults_stretched_pinwheel, vaults_room_corners,
          dpeg_vaults_pockets_of_resistance, nicolae_vaults_rhombus_6,
          v_misc_16, grunt_vaults_bifocal, layout_vaults_maze_bifur,
          serial_shops, shop
Vaults:4: nicolae_vaults_octagons, v_misc_1, ontoclasm_vaults_spin,
          hangedman_vaults_corner, vaults_room_fancy_cross,
          hangedman_vaults_trim, serial_ice_b, v_misc_8, ontoclasm_vaults_eye,
          nicolae_vaults_yaktaur_gun_rack, nicolae_vaults_specimen_jars,
          layout_vaults_big_cross, serial_shops, nicolae_shop_behind_doors,
          shop, shop, nicolae_lakefront_shop, nicolae_lakefront_shop
Vaults:5: serial_shops
Depths:1: layout_cave_pools, enter_ziggurat_d, kennysheep_small_spiral,
          hell_entry, grunt_pan_entry_in_and_out, minmay_misc_feat_tower,
          nicolae_shop_gadgets
Depths:2: minmay_haunted_quarter, layout_cave_pools, lightli_too_deep,
          nicolae_elevator_lobby_asterisk, rand_demon_pan_entry_7,
          doesnt_xom_only_xom, uniq_saint_roka
Depths:3: kennysheep_room_grid, layout_basic, infiniplex_staircase_9_rooms,
          abyss_entry, hellmouth_1, uniq_jory
Depths:4: evilmike_zot_entry_diamond, layout_basic, grunt_pan_entry_sceptre,
          grunt_hell_entry_dis_mu, nicolae_abyss_entry_one_way_or_another,
          hellmonk_guarded_unrand_seven_league_boots
Zot:1:    layout_misc_corridors, gammafunk_ghost_grave
Zot:2:    layout_misc_corridors, ebering_ghost_rock_garden
Zot:3:    grunt_zot_stairs_faceoff, layout_basic
Zot:4:    cheibrodos_zot_enchanting_chambers, layout_basic
Zot:5:    layout_basic

Skill      XL: |  1  2  3  4  5  6  7  8  9 10 11 12 13 14 15 16 17 18 19 20 21 22 23 24 25 26 |
---------------+-------------------------------------------------------------------------------+-----
Axes           | 3 4 6 7 8 9 10 11 12 14 15 16 18 19 20 22 | 22.3
Fighting       | 4 5 6 7 8 10 11 12 14 15 16 17 18 20 21 22 | 22.3
Dodging        | 2 3 4 5 6 7 8 9 |  9.8
Armour         | 4 5 6 7 8 10 11 13 15 | 15.2
Shields        | 4 5 6 7 9 11 13 | 13.2
Invocations    | 3 6 9 11 13 14 15 17 19 20 21 22 23 25 27 | 27.0
Throwing       | 1 4 5 8 9 |  9.4
Evocations     | 3 5 8 10 17 | 17.3
Translocations | 9 11 | 11.2
Spellcasting   | 2 10 13 | 13.8
Stealth        | 3 9 |  9.4

Action                   |  1- 3 |  4- 6 |  7- 9 | 10-12 | 13-15 | 16-18 | 19-21 | 22-24 | 25-27 || total
-------------------------+-------+-------+-------+-------+-------+-------+-------+-------+-------++-------
Melee: War axe           |    75 |   128 |   480 |   676 |  1230 |   216 |       |       |       ||  2805
       Morningstar       |       |       |       |    11 |    26 |       |       |       |       ||    37
       Broad axe         |       |       |       |       |    13 |  1088 |  1428 |  1258 |  1036 ||  4823
       Headbutt          |       |       |       |       |       |       |       |       |   145 ||   145
       Unarmed           |       |       |       |       |       |       |       |       |     3 ||     3
Throw: Javelin           |       |       |       |     7 |     5 |    11 |    36 |     9 |    11 ||    79
       Throwing net      |       |       |       |     2 |       |       |     5 |       |       ||     7
       Dart              |       |       |       |     5 |     6 |       |     8 |       |       ||    19
 Cast: Blink             |       |       |       |       |       |       |     2 |       |     4 ||     6
       Lesser Beckoning  |       |       |       |       |       |       |     2 |    16 |     3 ||    21
       Apportation       |       |       |       |       |       |       |       |     2 |       ||     2
Invok: Heroism           |       |       |       |     8 |    16 |    12 |    17 |     8 |    11 ||    72
       Finesse           |       |       |       |       |     3 |     3 |     7 |     5 |     5 ||    23
       Duel              |       |       |       |       |       |       |     3 |     2 |     1 ||     6
Evoke: Wand              |       |       |       |     5 |     9 |    19 |    10 |     6 |     3 ||    52
       Condenser vane    |       |       |       |       |       |       |       |     2 |       ||     2
  Use: Scroll            |     2 |     3 |     6 |     4 |    14 |    15 |    14 |    10 |     7 ||    75
       Potion            |       |     4 |     1 |     3 |    12 |     5 |    13 |     8 |    25 ||    71
 Stab: Invisible         |       |       |       |       |     1 |       |       |       |     8 ||     9
       Held in net/web   |       |       |       |       |       |       |     3 |       |       ||     3
       Sleeping          |       |       |       |       |       |       |     1 |    44 |     8 ||    53
       Distracted        |       |       |       |       |       |       |       |     3 |     3 ||     6
Armor: Scale mail        |    29 |    72 |   250 |   450 |   563 |   512 |   594 |   328 |    17 ||  2815
       Chain mail        |       |       |       |       |       |       |       |       |   489 ||   489
Dodge: Dodged            |    28 |    50 |   243 |   329 |   543 |   507 |   457 |   316 |   361 ||  2834
Block: Buckler           |    13 |    26 |   101 |   192 |   115 |       |       |       |       ||   447
       Tower shield      |       |       |       |       |   566 |  1187 |  1143 |   929 |   821 ||  4646
       Kite shield       |       |       |       |       |       |       |       |    67 |       ||    67

Table legend: (Time is in decaauts)
 A = Elapsed time spent in this place.
 B = Non-inter-level travel time spent in this place.
 C = Inter-level travel time spent in this place.
 D = Time resting spent in this place.
 E = Time spent auto-exploring this place.
 F = Levels seen in this place.
 G = Mean time per level.
                   A        B        C        D        E       F      G
               +--------+--------+--------+--------+--------+-----+--------+
         Total |  73594 |  69467 |   4127 |  17600 |  36882 |  67 | 1098.4 |
       Dungeon |  20436 |  19079 |   1357 |   5452 |  10392 |  15 | 1362.4 |
        Temple |      3 |      2 |      1 |      0 |      0 |   1 |    3.0 |
          Lair |   9605 |   8699 |    906 |   2170 |   4994 |   6 | 1600.8 |
        Shoals |   4867 |   4643 |    224 |    797 |   2737 |   4 | 1216.8 |
   Spider Nest |   5547 |   5398 |    149 |   1418 |   2858 |   4 | 1386.8 |
    Slime Pits |   2164 |   2081 |     83 |    365 |    820 |   5 |  432.8 |
  Orcish Mines |   2448 |   2246 |    202 |    624 |   1007 |   2 | 1224.0 |
   Elven Halls |   6093 |   5831 |    262 |   1794 |   2668 |   3 | 2031.0 |
        Vaults |   8706 |   8223 |    483 |   1773 |   4638 |   5 | 1741.2 |
        Depths |   5300 |   4991 |    309 |    662 |   3260 |   4 | 1325.0 |
           Zot |   4564 |   4417 |    147 |    752 |   2564 |   5 |  912.8 |
         Abyss |    893 |    893 |      0 |    136 |    398 |   5 |  178.6 |
      Ice Cave |   2332 |   2332 |      0 |   1483 |    505 |   1 | 2332.0 |
      Gauntlet |    492 |    492 |      0 |     89 |     40 |   1 |  492.0 |
         Arena |    137 |    137 |      0 |     82 |      0 |   6 |   22.8 |
               +--------+--------+--------+--------+--------+-----+--------+

Top non-repeatable levels by time:
   Elf:3: 2428 daAuts
    D:13: 2398 daAuts
  Lair:3: 2363 daAuts
   IceCv: 2332 daAuts
    D:12: 2219 daAuts
Vaults:5: 2016 daAuts
     D:9: 1981 daAuts
Vaults:2: 1937 daAuts
     D:5: 1883 daAuts
   Zot:4: 1870 daAuts
   Elf:1: 1848 daAuts
   Elf:2: 1815 daAuts
  Lair:1: 1790 daAuts
Spider:4: 1756 daAuts
Depths:4: 1672 daAuts
